 Dungeon Crawl Stone Soup version 0.18.1-48-g4cf74bf (webtiles) character file.

8093 Heedrag the Destroyer (level 11, -1/68 HPs)
             Began as a Deep Elf Conjurer on July 31, 2016.
             Was a Believer of Vehumet.
             Slain by a sixfirhy (3 damage)
             ... summoned by a kobold demonologist
             ... on level 9 of the Dungeon.
             The game lasted 00:36:40 (9621 turns).

Heedrag the Destroyer (Deep Elf Conjurer)           Turns: 9621, Time: 00:36:40

Health: -1/68      AC:  2    Str:  8    XL:     11   Next: 5%
Magic:  28/37      EV: 14    Int: 21    God:    Vehumet [**....]
Gold:   253        SH:  0    Dex: 13    Spells: 4 memorised, 19 levels left

rFire  . . .     SeeInvis .     e - +0 dagger
rCold  . . .     Gourm    .     a - +0 robe
rNeg   . . .     Faith    .     (no shield)
rPois  .         Spirit   .     (helmet restricted)
rElec  .         Dismiss  .     K - +0 cloak
rCorr  .         Reflect  .     (no gloves)
SustAt .         Harm     .     T - -1 pair of boots (curse)
MR     +....                    (no amulet)
Stlth  +++.......               i - ring of magical power
                                R - ring of stealth

@: somewhat resistant to hostile enchantments, fairly stealthy
A: horns 1, talons 1, blurry vision 1, clumsy 1, deformed body, robust 2,
evolution 1, MP-powered wands
a: Renounce Religion


You were on level 9 of the Dungeon.
You worshipped Vehumet.
Vehumet was pleased with you.
You were not hungry.

You visited 2 branches of the dungeon, and saw 10 of its levels.

You collected 454 gold pieces.
You spent 201 gold pieces at shops.

Inventory:

Hand Weapons
 e - a +0 dagger (weapon)
Armour
 a - a +0 robe (worn)
 l - a +0 helmet
 r - a +0 pair of boots
 K - a +0 cloak (worn)
 T - a cursed -1 pair of boots (worn)
Magical Staves
 I - an uncursed staff of air
 O - an uncursed staff of earth
Jewellery
 h - an uncursed ring of fire
 i - a ring of magical power (right hand)
 t - a +3 ring of evasion
 R - a ring of stealth (left hand)
Wands
 k - a wand of flame (7/48)
 A - a wand of random effects (19/48)
 E - a wand of lightning (9/15)
 L - a wand of hasting (4/9)
Scrolls
 d - 4 scrolls of remove curse {unknown}
 g - 3 scrolls of random uselessness {unknown}
 j - 9 scrolls of identify {unknown}
 m - a scroll of noise {unknown}
 q - a scroll of magic mapping {unknown}
 y - a scroll of immolation {unknown}
 z - a scroll of enchant armour {unknown}
 B - 4 scrolls of enchant weapon {unknown}
 D - a scroll of fog {unknown}
 F - 2 scrolls of blinking
 H - 3 scrolls of teleportation
 M - a scroll of recharging {unknown}
Potions
 f - a potion of heal wounds
 n - 3 potions of flight
 o - a potion of haste
 s - 2 potions of curing
 v - a potion of brilliance
 x - a potion of magic {unknown}
 C - a potion of ambrosia
 G - a potion of might
 P - a potion of berserk rage {unknown}
 S - a potion of lignification {unknown}
Books
 b - a book of Conjurations

   Spells                             Type                      Level
   a - Magic Dart                     Conjuration                  1
   b - Searing Ray                    Conjuration                  2
   c - Dazzling Spray                 Conjuration/Hexes            3
   d - Fulminant Prism                Conjuration/Hexes            4
   e - Iskenderun's Mystic Blast      Conjuration                  4
   f - Iskenderun's Battlesphere      Conjuration/Charms           5
 J - a book of Enchantments

   Spells                             Type                      Level
   a - Cause Fear                     Hexes                        4
   b - Yara's Violent Unravelling     Hexes/Transmutation          5
   c - Silence                        Hexes/Air                    5
   d - Deflect Missiles               Charms/Air                   6
   e - Haste                          Charms                       6
   f - Discord                        Hexes                        8
Comestibles
 c - 11 bread rations
 p - 3 meat rations
 u - 2 beef jerkies
 w - 3 slices of pizza
 N - 2 fruits


   Skills:
 + Level 2.3 Fighting
 + Level 4.2 Dodging
 - Level 2.7 Stealth
 + Level 11.2 Spellcasting
 * Level 13.6 Conjurations
 - Level 10.2 Charms


You had 19 spell levels left.
You knew the following spells:

 Your Spells              Type           Power        Failure   Level  Hunger
a - Magic Dart            Conj           ####         1%          1    None
b - Dazzling Spray        Conj/Hex       #####.       1%          3    None
c - Iskenderun's Mystic   Conj           ######..     1%          4    #......
d - Iskenderun's Battles  Conj/Chrm      ######..     1%          5    ####...


Dungeon Overview and Level Annotations

Branches:
Dungeon (9/15)             Temple (1/1) D:7            Lair (0/8) D:9
    Orc: D:9-12

Altars:
Ashenzari
Cheibriados
Dithmenos
Elyvilon
Fedhas
Gozag
Kikubaaqudgha
Makhleb
Nemelex Xobeh
Okawaru
Pakellas
Qazlal
Ru
Sif Muna
Trog
Vehumet
Xom
Yredelemnul
Zin
The Shining One

Shops:
D:4 *}**   D:6 =(!?

Annotations:
D:3 druid, 1 exclusion


Innate Abilities, Weirdness & Mutations

You have a pair of small horns on your head.
You have sharp toenails.
Scrolls take you a little longer to read.
You are clumsy. (Dex -2)
Armour fits poorly on your strangely shaped body.
You are very robust (+20% HP).
You evolve.
You expend magic power (3 MP) to strengthen your wands.


Message History

Tha sixfirhy shocks ye!
* * * LOW HITPOINT WARNIN'
* * * Tha shadow imp summons a swarm o' flies.
Tha shadow imp misses ye.
Read which item? (? fer menu, 'sc ta quit) Ye cannae read tha!
Tha adder zombie bites ye.
* * * LOW HITPOINT WARNIN'
* * * Tha adder zombie misses ye.
Read which item? (? fer menu, 'sc ta quit) Re'lly read wit' blurry vision while enemies be nearby?
Okay, than.
Read which item? (? fer menu, 'sc ta quit) Re'lly read wit' blurry vision while enemies be nearby?
Uppercase [Y]'s or [N]o only, please.
Re'lly read wit' blurry vision while enemies be nearby?
Tha sixfirhy barely misses ye.
Ye begin readin' tha scroll.
Ye continue readin' tha scroll.
Tha sixfirhy hits ye.
Ye die...

#....# #..............
#....############..............
###..............................
.....................K...........
....................*............
##....#########..K.K#####'#####..
.#....# #.5.K.# .... . .#....#
#.54..# ....KK. .#....# #.@Z..#
...KK...# +#....#
#.......P..KK.K.# ..........
.......P.PP......# .........#
###..........KK...# ###(.....#
#.......P. ..#......# #......#..
..#.....# #......#.. ..#.....#
#......# ..#.....#


You could see 2 kobold demonologists, a sixfirhy, 2 big kobolds, 2 shadow imps,
an adder zombie and a friendly battlesphere.

Vanquished Creatures
  Erolcha (D:8)
  An elephant (D:9)
  A two-headed ogre (D:9)
  A spriggan (D:8)
  4 yaks (D:9)
  3 hungry ghosts
  3 hippogriffs
  A black bear (D:9)
  4 sky beasts
  An ogre (D:7)
  An orc warrior (D:8)
  2 ice beasts
  An eye of draining (D:9)
  The ghost of WarriorsX the Covered, an amateur HuFi (D:4)
  6 necrophages (D:9)
  4 phantoms
  4 centaurs
  9 big kobolds (D:8)
  Blork the orc (D:6)
  5 giant frogs
  2 water moccasin zombies
  3 scorpions
  3 wights (D:9)
  An electric eel (D:9)
  5 crimson imps
  8 hounds
  4 orc priests
  2 giant frog skeletons (D:6)
  A gnoll shaman (D:8)
  3 jellies
  2 iguanas
  Natasha (thrice) (D:3)
  4 orc wizards
  Ijyb (D:3)
  11 worker ants
  2 killer bee zombies (D:9)
  2 sheep (D:9)
  A mummy (D:9)
  A hound skeleton (D:6)
  A worker ant zombie (D:9)
  11 gnolls
  11 adders
  4 shadow imps
  An adder skeleton (D:4)
  An adder zombie (D:5)
  8 worms
  4 dart slugs
  8 giant geckos
  31 orcs
  6 giant cockroaches
  4 goblins
  10 hobgoblins
  8 jackals
  15 kobolds
  2 quokkas
  A ball python (D:8)
  11 bats
  2 giant gecko skeletons
  6 giant newts
  A quokka zombie (D:5)
  13 rats
272 creatures vanquished.

Notes
Turn   | Place    | Note
--------------------------------------------------------------
     0 | D:1      | Heedrag the Deep Elf Conjurer began the quest for the Orb.
     0 | D:1      | Reached XP level 1. HP: 10/10 MP: 6/6
   382 | D:1      | Reached XP level 2. HP: 15/15 MP: 8/8
   883 | D:2      | Reached skill level 5 in Conjurations
   883 | D:2      | Reached XP level 3. HP: 19/19 MP: 10/10
   888 | D:2      | Learned a level 3 spell: Dazzling Spray
  1305 | D:2      | Reached XP level 4. HP: 24/24 MP: 12/12
  1311 | D:2      | Learned a level 4 spell: Iskenderun's Mystic Blast
  1388 | D:2      | Found an oddly glowing altar of Pakellas.
  1577 | D:3      | Noticed Natasha
  1587 | D:3      | Killed Natasha
  1865 | D:3      | Reached skill level 6 in Conjurations
  1896 | D:3      | Noticed a phantom
  1937 | D:4      | Found Kotzaon's Gadget Boutique.
  1954 | D:4      | Found Taxzio's Assorted Antiques.
  1976 | D:4      | Noticed WarriorsX's ghost (amateur HuFi)
  2033 | D:3      | Reached XP level 5. HP: 28/28 MP: 13/13
  2054 | D:3      | Learned a level 5 spell: Iskenderun's Battlesphere
  2151 | D:3      | Noticed Natasha
  2157 | D:3      | Killed Natasha
  2186 | D:3      | Killed a phantom
  2186 | D:3      | Reached skill level 5 in Spellcasting
  2292 | D:3      | Reached XP level 6. HP: 8/32 MP: 13/15
  2425 | D:3      | Reached skill level 7 in Conjurations
  2459 | D:3      | Noticed Natasha
  2463 | D:3      | Killed Natasha
  2603 | D:3      | Noticed Ijyb
  2612 | D:3      | Killed Ijyb
  2701 | D:4      | Found Emmaiteq's Assorted Antiques.
  3122 | D:4      | Found Nomnuutiepn's Assorted Antiques.
  3233 | D:5      | Entered Level 5 of the Dungeon
  3236 | D:5      | Reached skill level 1 in Charms
  3262 | D:5      | Reached XP level 7. HP: 16/36 MP: 17/18
  3387 | D:5      | Reached skill level 8 in Conjurations
  3563 | D:5      | Found a glowing golden altar of the Shining One.
  4021 | D:4      | Reached XP level 8. HP: 11/41 MP: 4/20
  4144 | D:4      | Killed WarriorsX's ghost
  4144 | D:4      | Reached skill level 9 in Conjurations
  4885 | D:5      | Reached skill level 5 in Charms
  4989 | D:6      | Noticed a moth of wrath
  4992 | D:6      | Found a bloodstained altar of Trog.
  5286 | D:6      | Noticed Blork the orc
  5332 | D:6      | Killed Blork the orc
  5332 | D:6      | Reached skill level 10 in Conjurations
  5496 | D:6      | Found Gatotato's Antique Weapon Boutique.
  5525 | D:6      | Found Naoth's Jewellery Shop.
  5794 | D:6      | Found Aghigh's Distillery.
  5802 | D:6      | Bought 2 potions of mutation for 65 gold pieces
  5802 | D:6      | Gained mutation: You are weak. (Str -2) [potion of mutation]
  5802 | D:6      | Gained mutation: Scrolls take you a little longer to read. [potion of mutation]
  5802 | D:6      | Gained mutation: You have a pair of small horns on your head. [potion of mutation]
  5803 | D:6      | Gained mutation: You expend magic power (3 MP) to strengthen your wands. [potion of mutation]
  5803 | D:6      | Gained mutation: You are robust (+10% HP). [potion of mutation]
  5803 | D:6      | Gained mutation: You are clumsy. (Dex -2) [potion of mutation]
  5804 | D:6      | Gained mutation: Armour fits poorly on your strangely shaped body. [potion of mutation]
  5804 | D:6      | Gained mutation: You have sharp toenails. [potion of mutation]
  5851 | D:6      | Reached XP level 9. HP: 46/49 MP: 23/23
  5864 | D:6      | Found Caqak's Magic Scroll Emporium.
  5865 | D:6      | Lost mutation: You are weak. (Str -2) [potion of beneficial mutation]
  5885 | D:6      | Bought a scroll of blinking for 97 gold pieces
  5885 | D:6      | Bought a scroll of teleportation for 39 gold pieces
  6309 | D:6      | Reached skill level 11 in Conjurations
  6857 | D:7      | Found a white marble altar of Elyvilon.
  6965 | D:7      | Gained mutation: You evolve. [mutagenic meat]
  7025 | D:7      | Found a staircase to the Ecumenical Temple.
  7084 | Temple   | Entered the Ecumenical Temple
  7103 | Temple   | Became a worshipper of Vehumet
  7372 | D:7      | Gained mutation: You are very robust (+20% HP). [evolution]
  7476 | D:7      | Reached skill level 12 in Conjurations
  7780 | D:8      | Reached XP level 10. HP: 51/60 MP: 24/25
  7948 | D:8      | Found a glowing golden altar of the Shining One.
  7951 | D:8      | Found an opulent altar of Gozag.
  7951 | D:8      | Found a deep blue altar of Sif Muna.
  7953 | D:8      | Found a blossoming altar of Fedhas.
  7954 | D:8      | Found a shadowy altar of Dithmenos.
  8004 | D:8      | Reached * piety under Vehumet
  8004 | D:8      | Offered knowledge of Sting by Vehumet.
  8055 | D:8      | Reached skill level 10 in Spellcasting
  8378 | D:8      | Noticed Erolcha
  8383 | D:8      | Killed Erolcha
  8383 | D:8      | Reached skill level 10 in Charms
  8587 | D:9      | Noticed an elephant
  8613 | D:9      | Killed an elephant
  8613 | D:9      | Reached skill level 13 in Conjurations
  8740 | D:9      | Found a staircase to the Lair.
  8933 | D:9      | Reached skill level 1 in Fighting
  9134 | D:9      | Offered knowledge of Sandblast by Vehumet.
  9248 | D:9      | Reached ** piety under Vehumet
  9360 | D:9      | Reached XP level 11. HP: 33/68 MP: 12/28
  9617 | D:9      | HP: 3/68 [sixfirhy[a kobold demonologist] (8)]
  9621 | D:9      | Slain by a sixfirhy

Skill      XL: |  1  2  3  4  5  6  7  8  9 10 |
---------------+-------------------------------+-----
Conjurations   | 5 6 7 8 10 12 13 | 13.6
Spellcasting   | 4 5 6 7 8 9 11 | 11.2
Charms         | 1 4 6 9 10 | 10.2
Dodging        | 4 |  4.2
Fighting       | 2 |  2.3
Stealth        | |  2.7

Action                   |  1- 3 |  4- 6 |  7- 9 | 10-12 || total
-------------------------+-------+-------+-------+-------++-------
Melee: Dagger            |       |     3 |       |     2 ||     5
 Cast: Magic Dart        |    86 |   207 |   336 |   148 ||   777
       Dazzling Spray    |       |     4 |    31 |     3 ||    38
       Iskenderun's Batt |       |       |    34 |    23 ||    57
       Iskenderun's Myst |       |       |       |    13 ||    13
  Use: Potion            |       |       |    12 |       ||    12
  Eat: Chunk             |     1 |     6 |    22 |    11 ||    40
       Beef jerky        |       |       |     1 |       ||     1
Armor: Robe              |     1 |    17 |    14 |     6 ||    38
Dodge: Dodged            |     6 |    94 |   133 |    33 ||   266
